 Dungeon Crawl Stone Soup version 0.22-a0-433-gd2a9cce (webtiles) character file.

413 Kairos the Chopper (level 6, 0/56 HPs)
             Began as a Deep Dwarf Monk on May 28, 2018.
             Slain by Pikel
             ... wielding a +1 whip of freezing
              (3 damage)
             ... on level 4 of the Dungeon.
             The game lasted 00:07:49 (3216 turns).

Kairos the Chopper (Deep Dwarf Monk)                Turns: 3216, Time: 00:07:51

Health: 0/56       AC:  8    Str: 16    XL:     6   Next: 59%
Magic:  6/6        EV:  1    Int: 11    God:
Gold:   112        SH: 13    Dex: 15    Spells: 5/5 levels left

rFire    . . .     SeeInvis .   v - +0 war axe
rCold    . . .     Gourm    .   e - +0 large shield
rNeg     + . .     Faith    .   q - +0 plate armour
rPois    .         Spirit   .   h - +0 helmet
rElec    .         Reflect  .   (no cloak)
rCorr    .         Harm     .   (no gloves)
MR       .....                  (no boots)
Stlth    ..........             (no amulet)
HPRegen  0.00/turn              l - ring of positive energy
MPRegen  0.10/turn              (no ring)

@: non-regenerating, drained
A: damage resistance, heal wounds, icy blue scales 1, deformed body, sense
surroundings 1, no regeneration
a: Heal Wounds


You were on level 4 of the Dungeon.
You were not hungry.

You visited 1 branch of the dungeon, and saw 4 of its levels.

You collected 112 gold pieces.

Inventory:

Hand Weapons
 a - a +0 hand axe
 v - a +0 war axe (weapon)
Armour
 b - a +0 robe
 e - a +0 large shield (worn)
 h - a +0 helmet (worn)
 k - a +0 ring mail
 q - a +0 plate armour (worn)
Jewellery
 l - a ring of positive energy (left hand)
 o - the ring of Desertification {+Fly Str+5 Int-4, unknown}
   (You took it off an orc on level 4 of the Dungeon)

   [ring of flight]

   It affects your strength (+5).
   It affects your intelligence (-4).
   It lets you fly.
Wands
 g - a wand of enslavement (15)
 u - a wand of flame (16)
Scrolls
 f - 2 scrolls of fog {unknown}
 j - 2 scrolls of random uselessness {unknown}
 m - 2 scrolls of remove curse {unknown}
 n - a scroll of enchant weapon {unknown}
 p - a scroll of noise {unknown}
 r - 2 scrolls of teleportation {unknown}
 s - a scroll of immolation {unknown}
 t - 2 scrolls of identify {unknown}
Potions
 d - a potion of brilliance
 i - 2 potions of curing
Comestibles
 c - 7 rations


   Skills:
 + Level 3.4(2.9) Fighting
 + Level 5.7(5.1) Axes
 + Level 1.8(1.3) Armour
 + Level 4.2(3.7) Dodging
 + Level 2.6(2.1) Stealth
 + Level 3.4(2.9) Shields
 * Level 0.5(0.0) Evocations


You had 5 spell levels left.
You didn't know any spells.
Your spell library was empty.

Dungeon Overview and Level Annotations

Branches:
Dungeon (4/15)
 Temple: D:4-7

Altars:
Kikubaaqudgha

Annotations:
D:4 Pikel


Innate Abilities, Weirdness & Mutations

You are resistant to damage.
You can heal yourself by infusing magical energy.
You passively map a small area around you.
You do not regenerate.
You are partially covered in icy blue scales. (AC +2)
Armour fits poorly on your strangely shaped body.


Message History

You slash Pikel!
Pikel is moderately wounded.
A slave comes into view.
You block Pikel's attack. Pikel hits you with a whip of freezing.
* * * LOW HITPOINT WARNING * * *
Pikel freezes you.
The slave shouts!
You hit Pikel.
Pikel is heavily wounded.
Pikel says, "I'm sure the Orcish Mines are around here somewhere..."
Pikel hits you with a whip of freezing!
* * * LOW HITPOINT WARNING * * *
Pikel freezes you.
Okay, then.
Okay, then.
You eat one of the 8 rations.
That ration really hit the spot!
Pikel hits you with a whip of freezing!
* * * LOW HITPOINT WARNING * * *
Pikel freezes you.
You die...

############# #..).).†.<..#
## ######)#########.# .##
#....).#########.### #.##
#.#######..........#
##.#####.# #.######.#.#
.........# #.# #.#.#
##.####..# #@######†#.#
#.## #..# #K##.....#># .##
#).# #p##.#####.#
.######..#######p##.### #.#
............(...p.....###.#
.######..........##.....#.#
## #...######..##.###.#.#
######..#######.....# #...#
.............##.###.###.###


You could see Pikel and 3 slaves.

Vanquished Creatures
  Menkaure (D:4)
  A slave (D:3)
  A scorpion (D:4)
  An iguana (D:4)
  2 orc wizards
  A worker ant (D:4)
  Robin (D:4)
  A gnoll (D:1)
  6 adders
  A howler monkey skeleton (D:4)
  An adder skeleton (D:4)
  A dart slug (D:3)
  4 leopard geckos
  6 orcs (D:4)
  A ball python (D:1)
  6 bats
  A giant cockroach (D:1)
  16 goblins
  7 hobgoblins
  8 jackals
  4 kobolds
  A quokka (D:4)
  2 frilled lizards
  14 rats
88 creatures vanquished.

Vanquished Creatures (others)
  A human (D:4)
1 creature vanquished.

Grand Total: 89 creatures vanquished

Notes
Turn   | Place    | Note
-------+----------+-------------------------------------------
     0 | D:1      | Kairos the Deep Dwarf Monk began the quest for the Orb.
     0 | D:1      | Reached XP level 1. HP: 20/20 MP: 1/1
    56 | D:1      | Reached XP level 2. HP: 21/27 MP: 2/2
   491 | D:1      | Reached XP level 3. HP: 21/34 MP: 3/3
   900 | D:2      | Reached skill level 1 in Shields
   940 | D:2      | Reached skill level 4 in Axes
   954 | D:2      | Reached XP level 4. HP: 26/42 MP: 4/4
  1922 | D:4      | Noticed Menkaure
  1944 | D:4      | Killed Menkaure
  1944 | D:4      | Reached skill level 5 in Axes
  1944 | D:4      | Reached skill level 1 in Armour
  1944 | D:4      | Reached XP level 5. HP: 11/49 MP: 5/5
  1952 | D:4      | Reached XP level 6. HP: 8/56 MP: 6/6
  2009 | D:4      | Found an ancient bone altar of Kikubaaqudgha.
  2009 | D:4      | Noticed a human
  2013 | D:4      | Killed a human
  2064 | D:4      | Noticed a slave
  2064 | D:4      | Noticed a slave
  2312 | D:4      | Gained mutation: Armour fits poorly on your strangely shaped body. [potion of mutation]
  2312 | D:4      | Gained mutation: You are partially covered in icy blue scales. (AC +2) [potion of mutation]
  2550 | D:4      | Noticed Robin
  2575 | D:4      | Killed Robin
  2629 | D:4      | Noticed a slave
  2651 | D:4      | Noticed Pikel
  2705 | D:3      | Killed a slave
  2787 | D:4      | Got a shimmering turquoise ring
  3214 | D:4      | Noticed a slave
  3216 | D:4      | Slain by Pikel

Vault maps used:
D:1:      scummos_arrival_simple_crosswalls, serial_glass, glass_columns_a,
          glass_columns_a, item_on_display_a, item_on_display_a,
          minmay_strange_pillars, due_unseen_surprise
D:3:      patterned_corridor
D:4:      doesnt_xom_only_xom, tgw_kikubaaqudgha, uniq_pikel, uniq_menkaure,
          uniq_robin

Skill      XL: |  1  2  3  4  5  6 |
---------------+-------------------+-----
Fighting       | 3 |  3.4
Dodging        | 4 |  4.2
Shields        | 1 2 3 |  3.4
Axes           | 4 5 |  5.7
Armour         | 1 |  1.8
Stealth        | |  2.6
Evocations     | |  0.5

Action                   |  1- 3 |  4- 6 || total
-------------------------+-------+-------++-------
Melee: Hand axe          |   129 |    91 ||   220
       War axe           |       |   149 ||   149
 Abil: Heal Wounds       |       |     3 ||     3
Evoke: Wand              |       |    18 ||    18
  Use: Potion            |       |     5 ||     5
 Stab: Sleeping          |     2 |       ||     2
  Eat: Chunk             |       |     3 ||     3
       Ration            |       |     2 ||     2
Armor: Robe              |     9 |       ||     9
       Ring mail         |    30 |     9 ||    39
       Plate armour      |       |   102 ||   102
Dodge: Dodged            |    44 |    14 ||    58
Block: Large shield      |    85 |   145 ||   230

Table legend:
 A = Spawn XP
 B = Non-spawn XP
 C = Spawn XP percentage of total XP
 D = Spawn monster count
 E = Non-spawn monster count
 F = Spawn count percentage of total count
 G = Total turns spent on level
                    A         B        C        D         E        F      G
               +---------+---------+-------+---------+---------+-------+---------
         Total |       0 |     590 |   0.0 |       0 |      87 |   0.0 |  3216
               +---------+---------+-------+---------+---------+-------+---------
           D:1 |       0 |      50 |   0.0 |       0 |      24 |   0.0 |   854
           D:2 |       0 |      78 |   0.0 |       0 |      19 |   0.0 |   512
           D:3 |       0 |      54 |   0.0 |       0 |      13 |   0.0 |   792
           D:4 |       0 |     408 |   0.0 |       0 |      31 |   0.0 |  1058
               +---------+---------+-------+---------+---------+-------+---------
